 Dungeon Crawl Stone Soup version 0.24-a0-480-g7da6c14 (webtiles) character file.

Game seed: 17472622801663626588

2424 Fortuna the Fighter (level 9, 0/123 HPs)
             Began as a Minotaur Berserker on July 8, 2019.
             Was an Elder of Trog.
             Slain by an orc knight
             ... wielding a +0 glaive
              (20 damage)
             ... in a bailey.
             The game lasted 00:17:00 (6202 turns).

Fortuna the Fighter (Minotaur Berserker)            Turns: 6202, Time: 00:17:00

Health: 0/123      AC: 21    Str: 30    XL:     9   Next: 24%
Magic:  8/8        EV: 10    Int:  4    God:    Trog [****..]
Gold:   354        SH:  0    Dex: 10    Spells: 8/8 levels left

rFire    + . .     SeeInvis .   y - +2 flail (protect)
rCold    + + .     Gourm    .   (no shield)
rNeg     . . .     Faith    .   u - +0 plate armour {rC+}
rPois    .         Spirit   .   (helmet restricted)
rElec    .         Reflect  .   o - scarf {rC+ rF+}
rCorr    .         Harm     .   (no gloves)
MR       ++...                  b - +0 pair of boots
Stlth    ..........             (no amulet)
HPRegen  1.30/turn              (no ring)
MPRegen  0.11/turn              (no ring)

@: berserking, protection aura, starving, regenerating, very quick
A: retaliatory headbutt, horns 2
a: Berserk, Trog's Hand, Brothers in Arms, Renounce Religion


You were in a bailey.
You worshipped Trog.
Trog was greatly pleased with you.
You were starving.

You visited 1 branch of the dungeon, and saw 7 of its levels.
You also visited: Bailey.

You collected 354 gold pieces.

Inventory:

Hand Weapons
 y - a +2 flail of protection (weapon)
Missiles
 i - 5 silver javelins
 w - 12 boomerangs (quivered)
Armour
 b - a +0 pair of boots (worn)
 o - a scarf of resistance (worn)
 u - a +0 plate armour of cold resistance (worn)
Wands
 t - a wand of flame (32)
 v - a wand of enslavement (9)
 B - a wand of iceblast (6)
Scrolls
 g - a scroll of enchant weapon
 h - a scroll of fog {unknown}
 k - a scroll of magic mapping {unknown}
 n - 5 scrolls of remove curse
 p - 2 scrolls of teleportation {unknown}
 x - a scroll of enchant armour {unknown}
 z - a scroll of brand weapon {unknown}
Potions
 a - a potion of flight {unknown}
 d - 3 potions of curing
 e - 4 potions of might
 f - 2 potions of heal wounds
 j - 2 potions of magic {unknown}
 l - 2 potions of lignification {unknown}
 m - 3 potions of ambrosia {unknown}
 q - 2 potions of brilliance {unknown}
 r - 2 potions of cancellation
 s - a potion of invisibility {unknown}
Comestibles
 c - 9 rations
 A - 11 chunks of flesh


   Skills:
 + Level 8.3 Fighting
 + Level 8.3 Maces & Flails
 - Level 3.1 Throwing
 + Level 7.8 Armour
 + Level 6.0 Dodging


You had 8 spell levels left.
You didn't know any spells.
Your spell library was empty.

Dungeon Overview and Level Annotations

Branches:
Dungeon (7/15)             Temple (0/1) D:6

Altars:
Ashenzari
Elyvilon
Fedhas
Gozag
Kikubaaqudgha
Makhleb
Qazlal
Ru
Uskayaw
Zin

Shops:
D:4 [*


Innate Abilities, Weirdness & Mutations

You reflexively headbutt those who attack you in melee.
You have a pair of horns on your head.


Message History

Trog accepts your kill.
Your Dodging skill increases to level 6!
The orc knight hits you but does no damage.
You thump the orc knight!
Your weapon exudes an aura of protection.
Your headbutt misses the orc knight.
The orc knight is lightly wounded.
You miss the orc knight. Your headbutt misses the orc knight.
The orc knight is lightly wounded.
The orc knight hits you from afar with a +0 glaive!
* * * LOW HITPOINT WARNING * * *
The orc knight hits you with a +0 trident!
* * * LOW HITPOINT WARNING * * *
You sock the orc knight!
The orc knight is moderately wounded.
You sock the orc knight!
The orc knight is heavily wounded.
The orc knight hits you but does no damage.
The orc knight hits you from afar with a +0 glaive!!
You die...

### ### ##∩##
###### ....
#.∩.##.....##
≈≈≈..#...#..≈≈≈..#
≈o≈≈......)≈≈o≈≈.#
.oo≈......O≈oo.≈.+
≈o≈≈.....(.≈≈o≈≈.#
≈≈≈..#...#@.≈≈≈..#
....##...##o....##
#### ##∩## ######
###


You could see 2 orc knights, 2 orc warriors, an orc and a friendly two-headed
ogre (berserk).

Vanquished Creatures
  Grinder (D:3)
  A water moccasin (D:5)
  2 orc warriors (D:6)
  A black bear (D:6)
  A sky beast (D:5)
  A necrophage (D:6)
  A centaur (D:6)
  A big kobold (D:7)
  2 bullfrogs
  4 scorpions
  2 howler monkeys
  4 crimson imps
  A quasit (D:7)
  5 orc priests
  5 hounds
  A jelly (D:7)
  Jessica (D:3)
  Terence (D:3)
  An iguana (D:3)
  4 orc wizards
  2 worker ants (D:4)
  A hound zombie (D:3)
  A hound skeleton (D:3)
  2 worker ant zombies
  4 gnolls (D:6)
  6 adders
  A shadow imp (D:2)
  2 oozes
  4 adder skeletons
  5 worms
  2 dart slugs
  4 leopard geckos
  22 orcs
  8 bats
  5 giant cockroaches
  12 goblins
  9 hobgoblins
  9 jackals
  12 kobolds
  A quokka (D:6)
  A ball python (D:5)
  A ball python skeleton (D:3)
  6 frilled lizards
  A jackal zombie (D:7)
  A leopard gecko skeleton (D:3)
  A leopard gecko zombie (D:6)
  8 rats
171 creatures vanquished.

Vanquished Creatures (collateral kills)
  An orc warrior (Bailey)
1 creature vanquished.

Vanquished Creatures (others)
  2 gnolls (D:6)
2 creatures vanquished.

Grand Total: 174 creatures vanquished

Notes
Turn   | Place    | Note
-------+----------+-------------------------------------------
     0 | D:1      | Fortuna the Minotaur Berserker began the quest for the Orb.
     0 | D:1      | Reached XP level 1. HP: 19/19 MP: 0/0
   311 | D:1      | Reached XP level 2. HP: 27/27 MP: 1/1
   555 | D:1      | Reached ** piety under Trog
   557 | D:1      | Reached XP level 3. HP: 31/33 MP: 2/2
   676 | D:2      | Found a shattered altar of Ashenzari.
   733 | D:2      | Found a faded altar of an unknown god.
   851 | D:2      | Found an ancient bone altar of Kikubaaqudgha.
  1252 | D:2      | Reached XP level 4. HP: 34/41 MP: 3/3
  2083 | D:2      | Found a white marble altar of Elyvilon.
  2304 | D:3      | Noticed Jessica
  2317 | D:3      | Killed Jessica
  2376 | D:3      | Reached XP level 5. HP: 42/47 MP: 4/4
  2378 | D:3      | Reached *** piety under Trog
  2563 | D:3      | Found a glowing silver altar of Zin.
  2565 | D:3      | Found a blossoming altar of Fedhas.
  2622 | D:3      | Noticed Grinder
  2629 | D:3      | Killed Grinder
  2629 | D:3      | Reached skill level 5 in Fighting
  2629 | D:3      | Reached skill level 5 in Maces & Flails
  2629 | D:3      | Reached XP level 6. HP: 56/56 MP: 5/5
  2684 | D:3      | Noticed Terence
  2688 | D:3      | Killed Terence
  3124 | D:4      | Reached skill level 5 in Armour
  3124 | D:4      | Reached XP level 7. HP: 55/62 MP: 6/6
  3243 | D:4      | Found Qehyri Ycvo's Mayhem Merchandise.
  3311 | D:4      | Reached **** piety under Trog
  3593 | D:4      | Found Qubafusa's Antique Armour Boutique.
  3878 | D:4      | Found a stormy altar of Qazlal.
  4007 | D:5      | Entered Level 5 of the Dungeon
  4061 | D:5      | Received a gift from Trog
  4063 | D:5      | Reached skill level 1 in Throwing
  4345 | D:5      | Found a burning altar of Makhleb.
  4445 | D:5      | Reached XP level 8. HP: 71/71 MP: 7/7
  4558 | D:5      | Found a hide-covered altar of Uskayaw.
  4561 | D:5      | Noticed a +0 hand axe
  4561 | D:5      | Noticed a +0 hand axe
  4581 | D:5      | Found an opulent altar of Gozag.
  5499 | D:6      | Reached skill level 5 in Dodging
  5517 | D:6      | Found a sacrificial altar of Ru.
  5573 | D:6      | Reached XP level 9. HP: 12/81 MP: 8/8
  5582 | D:6      | Received a gift from Trog
  5731 | D:6      | Found a staircase to the Ecumenical Temple.
  6135 | D:7      | Found a flagged portal.
  6189 | Bailey   | Entered a bailey
  6189 | Bailey   | Noticed an orc knight
  6189 | Bailey   | Noticed an orc knight
  6202 | Bailey   | Slain by an orc knight

Levels and vault maps discovered:
D:1:      dpeg_arrival_tiny_b, layout_basic, minmay_misc_feat_five,
          corexii_corridor_pit, minmay_pentomino_p2
D:2:      layout_basic, overflow_temple_1_default, lemuel_round_altar,
          first_ration, chequers_ecumenical_altar_simple, elyvilon_altar_4
D:3:      layout_basic, chequers_temple_overflow_statue_of_worship,
          serial_undead, serial_undead_c, serial_undead_b, serial_undead_a,
          serial_undead_d, serial_undead_f, serial_undead_d, uniq_jessica,
          uniq_terence, uniq_grinder
D:4:      layout_rooms, nicolae_qazlal_eye_of_the_storm, serial_shops,
          kennysheep_little_box, st_stairs_10, grunt_ministairs_13,
          minmay_shop_mayhem, serial_bayou_pond_e, minmay_misc_feat_pillars
D:5:      layout_basic, dancing_weapons_uskayaw,
          nicolae_gozag_cash_rules_everything_around_me,
          makhleb_heckhound_becter
D:6:      layout_gridville, nicolae_ru_great_annihilating_truth,
          minmay_temple_entry_stoned_glass, lemuel_flamethrower_2
D:7:      layout_basic, enter_bailey_3
Bailey:   bailey_polearm_4, bailey

Skill      XL: |  1  2  3  4  5  6  7  8  9 |
---------------+----------------------------+-----
Fighting       | 4 5 6 7 8 |  8.3
Maces & Flails | 4 5 6 7 8 |  8.3
Armour         | 3 4 5 7 |  7.8
Dodging        | 3 4 5 6 |  6.0
Throwing       | 1 3 |  3.1

Action                   |  1- 3 |  4- 6 |  7- 9 || total
-------------------------+-------+-------+-------++-------
Melee: Mace              |    90 |    74 |       ||   164
       Headbutt          |    12 |    14 |    42 ||    68
       Flail             |       |    27 |   230 ||   257
Throw: Boomerang         |       |       |     1 ||     1
Invok: Berserk           |     2 |     3 |     7 ||    12
       Trog's Hand       |       |     1 |     2 ||     3
       Brothers in Arms  |       |       |     1 ||     1
  Use: Scroll            |       |       |     7 ||     7
 Stab: Invisible         |       |       |     1 ||     1
  Eat: Chunk             |     3 |     9 |    12 ||    24
       Ration            |       |       |     1 ||     1
Armor: Animal skin       |     1 |       |       ||     1
       Ring mail         |    36 |    32 |       ||    68
       Scale mail        |       |     8 |    58 ||    66
       Plate armour      |       |       |    77 ||    77
Dodge: Dodged            |    72 |    71 |   141 ||   284

Table legend:
 A = Non-vault XP
 B = Vault XP
 C = Vault XP percentage of total XP
 D = Non-vault monster count
 E = Vault monster count
 F = Vault count percentage of total count
                 A         B        C        D         E       F
            +---------+---------+-------+---------+---------+-------
      Total |    2834 |     629 |  18.2 |     149 |      23 |  13.4
            +---------+---------+-------+---------+---------+-------
        D:1 |      43 |       2 |   4.4 |      23 |       1 |   4.2
        D:2 |      89 |       0 |   0.0 |      26 |       0 |   0.0
        D:3 |     158 |     424 |  72.9 |      26 |       9 |  25.7
        D:4 |     329 |      46 |  12.3 |      18 |       3 |  14.3
        D:5 |     482 |      42 |   8.0 |      11 |       1 |   8.3
        D:6 |    1204 |      39 |   3.1 |      31 |       4 |  11.4
        D:7 |     529 |       7 |   1.3 |      14 |       4 |  22.2
     Bailey |       0 |      69 | 100.0 |       0 |       1 | 100.0
            +---------+---------+-------+---------+---------+-------
